Map: 오토메이턴 - 래더

Players

Kelazhur

  • Race: Terran Terran
  • Spawn Location: 9:00

gumiho - Winner!

  • Race: Terran Terran
  • Spawn Location: 3:00

Event: IEM Season 13: Katowice (2019)

VOD

https://youtu.be/wmGmHvmwfcY

Description

Time

  • Played on: Feb. 26, 2019, 6:51 a.m.
  • Length: 14:36

All games in this series

Show
View Real Time Build Order
Export as new Build Order

Kelazhur Terran 

Build Orders: 1/1/1, Liberator Opening 

Get SALT Encoding   

  12  0:00  SCV  
  13  0:12  SCV  
  14  0:18  Supply Depot  
  14  0:24  SCV  
  15  0:29  Refinery  
  15  0:39  SCV  
  16  0:46  Barracks  
  16  0:51  SCV  
  17  0:57  Refinery  
  17  1:03  SCV  
  18  1:16  SCV  
  19  1:32  Orbital Command  
  19  1:34  Factory  
  19  1:37  Reaper  
  20  1:48  Supply Depot  
  20  1:58  SCV  
  21  2:09  Reaper  
  21  2:12  SCV  
  23  2:17  Hellion  
  23  2:18  Starport  
  25  2:24  SCV  
  25  2:27  Supply Depot  
  26  2:36  SCV  
  27  2:38  Liberator  
  27  2:39  Hellion  
  27  2:41  Reaper  
  30  2:48  SCV  
  34  3:00  SCV, Hellion  
  37  3:06  Supply Depot  
  37  3:13  SCV  
  38  3:20  Barracks Reactor  
  38  3:23  Factory Tech Lab  
  38  3:32  Command Center  
  38  3:34  SCV  
  39  3:48  Cyclone, Supply Depot  
  42  3:55  SCV  
  42  4:06  Marine x2  
  42  4:08  SCV  
  45  4:13  Starport Tech Lab  
  42  4:22  SCV  
  42  4:23  Marine  
  42  4:24  Marine  
  44  4:27  Siege Tank  
  44  4:28  Refinery  
  47  4:33  Raven  
  47  4:34  SCV  
  50  4:41  Marine x2  
  50  4:44  Orbital Command  
  52  4:48  SCV  
  53  4:59  Siege Tank, Marine x2  
  58  5:00  SCV  
  58  5:04  Supply Depot  
  59  5:10  SCV  
  60  5:14  SCV  
  60  5:17  Marine x2  
  60  5:19  Raven  
  65  5:21  Supply Depot  
  65  5:23  SCV  
  65  5:26  SCV  
  67  5:31  Supply Depot  
  67  5:35  SCV  
  68  5:36  Siege Tank  
  68  5:38  SCV, Marine x2  
  74  5:47  SCV  
  75  5:50  SCV  
  75  5:56  Marine x2  
  76  6:02  SCV  
  75  6:09  SCV  
  73  6:14  Siege Tank  
  73  6:16  SCV  
  77  6:22  SCV  
  78  6:26  Marine  
  78  6:27  Stimpack  
  78  6:28  Starport Reactor  
  78  6:29  SCV  
  78  6:31  Barracks x2  
  80  6:36  Engineering Bay x2, Refinery, SCV  
  81  6:43  Supply Depot  
  81  6:57  SCV  
  80  7:06  Siege Tank  
  80  7:07  SCV  
  77  7:10  Viking  
  77  7:11  Viking  
  77  7:12  Marine  
  82  7:17  SCV  
  79  7:24  SCV  
  79  7:29  Terran Infantry Armor Level 1, Terran Infantry Weapons Level 1  
  77  7:30  Barracks, Barracks Reactor  
  77  7:31  Barracks, Marine x3  
  80  7:46  Command Center, Viking  
  72  7:52  Marine x3  
  72  7:57  Siege Tank  
  71  8:10  Marine x2  
  71  8:11  SCV  
  71  8:12  SCV  
  75  8:13  Marine x2  
  75  8:14  Marauder  
  75  8:17  Supply Depot  
  79  8:21  Barracks Tech Lab x2  
  79  8:28  Marine  
  79  8:31  Marine  
  80  8:38  Marine x2  
  80  8:39  Marauder  
  81  8:44  Marauder x2  
  81  8:45  Combat Shield  
  84  8:50  Marine x2  
  84  8:51  Medivac x2  
  84  8:53  SCV x2  
  92  8:56  Supply Depot  
  92  9:01  Supply Depot  
  92  9:05  Marine  
  92  9:06  Marauder x2, Marine  
  92  9:08  Marine  
  100  9:11  Siege Tank, Marine  
  100  9:15  Marine  
  104  9:20  Viking  
  104  9:23  Marine  
  107  9:27  Marauder  
  107  9:30  Supply Depot  
  109  9:36  Armory  
  109  9:37  SCV  
  109  9:38  SCV, Marine x2  
  110  9:42  Marine  
  110  9:46  Barracks Tech Lab  
  110  9:49  Marauder  
  110  9:50  Viking  
  106  10:01  Marine x4  
  106  10:04  Marine  
  106  10:05  SCV x2  
  83  10:10  Marauder  
  83  10:11  Siege Tank  
  88  10:18  Marine  
  88  10:20  Viking  
  91  10:22  Barracks Tech Lab, Barracks Reactor  
  90  10:31  Marauder  
  90  10:34  Orbital Command  
  92  10:35  Marauder  
  94  10:43  Concussive Shells, Siege Tank  
  97  10:52  Starport Reactor  
  97  10:53  Marauder  
  97  10:54  Marauder, Marine x2  
  103  10:57  Marauder  
  103  11:03  Terran Infantry Weapons Level 2  
  103  11:06  Marine x2  
  105  11:12  Refinery, Marine  
  105  11:14  Marine x2  
  105  11:16  Marauder  
  110  11:19  Marauder  
  110  11:23  Siege Tank  
  110  11:25  Marine x2  
  116  11:31  Command Center  
  117  11:35  Marauder  
  119  11:43  Marine  
  119  11:44  Marauder, Supply Depot, Marine  
  123  11:50  Marine x2  
  123  11:51  Marauder  
  123  11:52  Medivac x2, Supply Depot  
  131  11:56  Marine  
  132  12:01  Marine x2  
  132  12:02  SCV x3  
  132  12:06  Terran Infantry Armor Level 2  
  137  12:09  Supply Depot  
  137  12:14  Marauder  
  139  12:22  Medivac  
  141  12:26  Marauder, Marine x2  
  141  12:29  Marauder, Marine x2  
  148  12:30  SCV x2  
  148  12:31  SCV  
  148  12:32  Refinery  
  148  12:35  Marine  
  152  12:39  Supply Depot  
  152  12:43  Medivac  
  154  12:45  Orbital Command  
  147  12:59  Medivac  
  147  13:00  Marauder x3, Marine x4  
  147  13:04  Supply Depot  
  159  13:06  SCV x3  
  162  13:17  Medivac  
  162  13:18  SCV, Marine  
  165  13:20  Supply Depot  
  165  13:23  Supply Depot  
  165  13:31  Marauder, Marine  
  165  13:32  Marine x2  
  165  13:33  Marauder  
  165  13:34  Marine  
  173  13:44  Marine  
  173  13:48  Command Center  
  174  13:49  Marine  
  174  13:50  Starport, SCV x2, Marine  
  167  14:02  Viking x2  
  143  14:06  Marine  
  143  14:07  Marauder  
  143  14:09  Marine  
  146  14:12  Marauder, Marine  
  135  14:18  Marine  
Show
View Real Time Build Order
Export as new Build Order

gumiho Terran - Winner!

Build Orders: Mech 

Get SALT Encoding   

  12  0:00  SCV  
  13  0:12  SCV  
  14  0:18  Supply Depot  
  14  0:24  SCV  
  15  0:29  Refinery  
  15  0:39  SCV  
  16  0:45  Barracks  
  16  0:51  SCV  
  17  0:57  Refinery  
  17  1:04  SCV  
  18  1:16  SCV  
  19  1:28  SCV  
  19  1:32  Reaper  
  21  1:36  Factory  
  21  1:40  Orbital Command  
  21  1:51  Supply Depot  
  21  2:04  Reaper  
  21  2:06  SCV  
  23  2:18  SCV  
  23  2:19  Hellion  
  26  2:28  Command Center  
  26  2:31  SCV  
  27  2:38  Reaper  
  27  2:40  Hellion  
  27  2:43  SCV  
  31  2:46  Supply Depot  
  31  2:57  Starport  
  31  3:08  SCV, Hellion  
  31  3:11  Barracks Tech Lab  
  33  3:20  SCV  
  34  3:32  SCV  
  34  3:33  Starport Tech Lab  
  35  3:34  Refinery  
  35  3:36  Barracks Reactor, Cyclone  
  35  3:40  Orbital Command  
  38  3:43  Refinery  
  38  3:45  SCV  
  35  3:58  SCV  
  33  4:05  SCV  
  33  4:08  Cyclone  
  36  4:11  SCV  
  35  4:17  SCV  
  34  4:24  SCV  
  34  4:29  SCV  
  36  4:35  Raven  
  36  4:36  SCV  
  39  4:42  SCV, Marine x2  
  42  4:48  SCV  
  42  4:50  Supply Depot  
  43  4:54  SCV  
  43  4:59  Cyclone  
  47  5:00  SCV  
  47  5:06  SCV  
  51  5:13  SCV  
  52  5:16  Supply Depot  
  52  5:18  Raven, SCV  
  53  5:25  SCV  
  53  5:27  Supply Depot  
  54  5:30  SCV  
  54  5:35  Siege Tank  
  58  5:37  SCV  
  58  5:39  Supply Depot  
  58  5:42  SCV  
  60  5:49  SCV  
  61  5:54  SCV  
  62  5:58  Factory  
  62  6:00  Factory  
  62  6:01  SCV  
  63  6:06  SCV  
  62  6:12  Barracks Reactor  
  62  6:13  Raven, SCV  
  62  6:17  Command Center  
  65  6:18  SCV  
  65  6:25  SCV  
  67  6:26  Siege Tank  
  67  6:30  SCV, Supply Depot  
  69  6:37  SCV  
  70  6:43  SCV, Hellion  
  70  6:44  Supply Depot, Hellion  
  70  6:46  Hellion  
  77  6:49  SCV  
  78  6:57  SCV  
  78  6:58  Banshee  
  82  7:01  SCV  
  83  7:12  Siege Tank  
  83  7:14  Hellion x2  
  86  7:26  SCV x2  
  86  7:28  Hellion  
  87  7:35  Hellion x2  
  87  7:36  Orbital Command  
  91  7:38  SCV x2  
  93  7:44  Siege Tank  
  84  7:52  SCV x2  
  83  8:05  Viking x2  
  83  8:07  Siege Tank  
  83  8:08  Infernal Pre-Igniter  
  83  8:10  Hellion x2  
  83  8:12  SCV x2  
  96  8:15  Orbital Command  
  96  8:17  Armory  
  98  8:20  Hellion  
  98  8:21  Liberator x2  
  98  8:25  SCV x2  
  100  8:29  Supply Depot  
  100  8:31  Supply Depot  
  109  8:41  Siege Tank  
  109  8:43  SCV  
  109  8:44  SCV  
  108  8:51  Siege Tank  
  111  8:56  SCV x2  
  111  8:57  Refinery  
  111  8:58  SCV  
  111  8:59  Refinery  
  114  9:08  SCV x2  
  116  9:12  SCV  
  117  9:18  Hellion x2  
  117  9:20  SCV x2  
  117  9:21  Viking x2  
  127  9:24  SCV  
  127  9:30  Supply Depot  
  128  9:31  Supply Depot  
  128  9:36  Siege Tank  
  133  9:39  Hellion  
  133  9:42  Engineering Bay, Siege Tank  
  129  9:55  SCV x3  
  122  10:02  Hellion x2  
  116  10:07  SCV x2  
  116  10:08  SCV  
  116  10:09  Viking x2  
  116  10:11  Hellion  
  125  10:15  Hellion  
  125  10:16  Terran Vehicle And Ship Armor Level 1, Factory  
  125  10:17  Factory  
  125  10:18  Armory  
  125  10:19  SCV  
  125  10:20  SCV x2  
  130  10:24  Hellion x6  
  130  10:26  Sensor Tower  
  130  10:31  Hellion x2  
  130  10:32  SCV  
  130  10:34  Siege Tank  
  132  10:36  Hellion  
  132  10:41  Viking  
  132  10:42  Viking  
  138  10:50  Smart Servos  
  138  10:56  Hellion  
  138  10:57  Hellion  
  142  11:02  Supply Depot  
  142  11:03  Supply Depot  
  142  11:04  Factory Reactor  
  142  11:05  Siege Tank, Factory Tech Lab, Supply Depot  
  142  11:06  Siege Tank  
  148  11:12  Viking  
  148  11:15  Terran Vehicle Weapons Level 1  
  150  11:24  Siege Tank  
  151  11:30  Command Center, Viking  
  153  11:36  Missile Turret x2  
  153  11:37  Supply Depot x2  
  153  11:53  Medivac  
  153  11:54  Hellion x4  
  153  11:55  Hellion x2  
  153  11:57  Hellion  
  153  12:00  Medivac  
  163  12:13  Missile Turret, Terran Vehicle And Ship Armor Level 2  
  163  12:20  Siege Tank x2, Hellion  
  163  12:21  Siege Tank, Hellion x2  
  178  12:24  Hellion  
  178  12:25  Medivac  
  182  12:30  Medivac  
  184  12:40  Missile Turret  
  184  12:41  Missile Turret  
  184  12:42  Missile Turret  
  184  12:57  Siege Tank x2, Hellion x2  
  194  12:59  Hellion x2  
  198  13:15  Hellion  
  200  13:20  Planetary Fortress  
  198  13:55  Cyclone x2  
  190  13:56  Cyclone  
  190  13:59  Hellion x2  
  190  14:01  Hellion x2  

Tags
 
Add a new tag
Caveats
  • Supply blocks, unpowered buildings, or Contaminate may cause inaccurate times.
  • Supply counts are checked every 10 seconds.